 Dungeon Crawl Stone Soup version 0.22-a0-617-g6d95e9e (webtiles) character file.

4 sking99 the Sneak (level 1, -1/13 HPs)
             Began as a Vampire Enchanter on July 12, 2018.
             Slain by a kobold
             ... wielding a +0 short sword
              (4 damage)
             ... on level 1 of the Dungeon.
             The game lasted 00:00:50 (53 turns).

sking99 the Sneak (Vampire Enchanter)                 Turns: 53, Time: 00:00:51

Health: -1/13      AC:  2    Str:  7    XL:     1   Next: 50%
Magic:  2/3        EV: 12    Int: 17    God:
Gold:   0          SH:  0    Dex: 14    Spells: 3/4 levels left

rFire    . . .     SeeInvis +   a - +1 dagger
rCold    . . .     Gourm    .   (no shield)
rNeg     + . .     Faith    .   b - +0 robe
rPois    .         Spirit   .   (no helmet)
rElec    .         Reflect  .   (no cloak)
rCorr    .         Harm     .   (no gloves)
MR       .....                  (no boots)
Stlth    +++.......             (no amulet)
HPRegen  0.04/turn              (no ring)
MPRegen  0.08/turn              (no ring)

@: no status effects
A: fangs 3, see invisible, unbreathing
a: no special abilities


You were on level 1 of the Dungeon.
You were not thirsty.

You visited 1 branch of the dungeon, and saw 1 of its levels.

Inventory:

Hand Weapons
 a - a +1 dagger (weapon)
Armour
 b - a +0 robe (worn)
Potions
 d - a potion of blood


   Skills:
 - Level 1.1 Short Blades
 + Level 2.2 Dodging
 * Level 4.6 Stealth
 * Level 2.1 Spellcasting
 + Level 4.4 Hexes


You had 3 spell levels left.
You knew the following spells:

 Your Spells              Type           Power        Failure   Level  Hunger
a - Corona                Hex            ###....      3%          1    #......

Your spell library contained the following spells:

 Spells                   Type           Power        Failure   Level  Hunger
 Confuse                  Hex            ###.....     9%          3    ###....
 Tukima's Dance           Hex            ###.....     9%          3    ###....
 Ensorcelled Hibernation  Hex/Ice        #.....       12%         2    ###....
 Dazzling Spray           Conj/Hex       #.....       22%         3    ###....


Dungeon Overview and Level Annotations

Branches:
Dungeon (1/15)

Altars:


Innate Abilities, Weirdness & Mutations

You have razor-sharp teeth.
You have supernaturally acute eyesight. (SInv)
You can survive without breathing.


Message History

The bat barely misses you.
You barely miss the kobold. The bat hits you.
The kobold hits you with a short sword.
* * * LOW HITPOINT WARNING * * *
The bat closely misses you. The bat hits you.
* * * LOW HITPOINT WARNING * * *
The bat hits you but does no damage. The bat closely misses you.
The bat barely misses you. The bat misses you. The bat barely misses you.
The bat misses you. The bat misses you.
Casting: Corona (safe; 3% risk of failure)
Confirm with . or Enter, or press ? or * to list all spells.
Aiming: Corona (safe; 3% risk of failure)
Press: ? - help, Shift-Dir - straight line, f - kobold
Aim: a kobold, wielding a short sword (chance to defeat MR: 71%)
The kobold barely resists.
The bat closely misses you. The kobold hits you with a short sword.
You die...

.♣ ♣.♣ ...♣. ♣..♣. .♣♣.♣♣ .....
#....♣......♣..♣.♣.♣♣♣ .⌠...
#.....♣♣......♣♣.♣♣..♣♣ ....#
##.........♣...♣.♣♣.♣...
#!..##+#....♣♣..♣..♣...♣.♣♣♣♣♣♣
#...........♣...♣...♣..♣...♣ ♣
##.........♣b..♣.♣.....♣.♣♣♣.♣
###....⌠...♣♣..K@♣♣...♣♣...♣
......)...♣...♣....♣....♣♣.♣
...............♣....(.♣[..♣♣
##########♣♣♣♣♣♣♣♣♣♣♣♣♣♣♣♣♣


You could see a bat and a kobold.

Vanquished Creatures
  A dart slug (D:1)
  A hobgoblin (D:1)
2 creatures vanquished.

Notes
Turn   | Place    | Note
-------+----------+-------------------------------------------
     0 | D:1      | sking99 the Vampire Enchanter began the quest for the Orb.
     0 | D:1      | Reached XP level 1. HP: 13/13 MP: 3/3
    53 | D:1      | Slain by a kobold

Vault maps used:
D:1:      erik_arrival_cave_to_civilisation, minmay_misc_feat_five,
          minmay_pentomino_s2

Action                   || total
-------------------------++-------
Melee: Dagger            ||     6
       Bite              ||     1
 Cast: Corona            ||     2
 Stab: Sleeping          ||     1
Armor: Robe              ||     1
Dodge: Dodged            ||    13

Table legend:
 A = Spawn XP
 B = Non-spawn XP
 C = Spawn XP percentage of total XP
 D = Spawn monster count
 E = Non-spawn monster count
 F = Spawn count percentage of total count
 G = Total turns spent on level
                    A         B        C        D         E        F      G
               +---------+---------+-------+---------+---------+-------+---------
         Total |       0 |       6 |   0.0 |       0 |       2 |   0.0 |    53
               +---------+---------+-------+---------+---------+-------+---------
           D:1 |       0 |       6 |   0.0 |       0 |       2 |   0.0 |    53
               +---------+---------+-------+---------+---------+-------+---------
